Blues vs Coyotes
(R1)
Created - 2 mai 2015 at 19:05
Goals
|
| Blues |
0 |
0 |
1 |
1 |
| Coyotes |
0 |
3 |
0 |
3 |
|
Shots
|
| Blues |
4 |
3 |
11 |
18 |
| Coyotes |
13 |
7 |
3 |
23 |
|
1st period
No Goal
Penalties :
Taylor Pyatt (STL) for Cross-checking (Minor) at 10:04, Erik Rasmussen (STL) for Slashing (Double Minor) at 13:19
2nd period
1. Coyotes , Chad Larose 1 (Tyler Ennis, Denis Grebeshkov) at 8:38
2. Coyotes , Marian Gaborik 11 (Drew Miller, Tim Connolly) at 9:30
3. Coyotes , Marian Gaborik 12 (Tim Connolly) at 10:54 (PP)
Penalties :
Taylor Pyatt (STL) for Hooking (Minor) at 1:00, Marian Gaborik (Ari) for Interference (Minor) at 5:40, Paul Kariya (STL) for Hooking (Minor) at 9:33, Marian Hossa (STL) for Holding (Minor) at 13:26
3rd period
4. Blues , Andrew Cogliano 5 (Ales Kotalik) at 14:22
Penalties :
Paul Kariya (STL) for Hooking (Minor) at 5:49, Ales Kotalik (STL) for Charging (Minor) at 10:16, Erik Cole (Ari) for Tripping (Minor) at 15:36, Bryce Lampman (STL) for Holding (Minor) at 18:39
Goalie Stats
Tuukka Rask (STL), 20 saves from 23 shots - (0,870), L, 6-8-0, 60:00 minutes
Ryan Miller (Ari), 17 saves from 18 shots - (0,944), W, 10-4-1, 60:00 minutes
Players Stats for Blues
Player Name G A P +/- PIM S H SB GA TA FO MP PP MP PK MP
------------------------------------------------------------------------------------
Ales Kotalik 0 1 1 -1 2 0 0 0 0 0 1/3 13:22 0:05 4:09
Andrew Cogliano 1 0 1 -1 0 3 1 0 0 0 2/7 12:57 0:11 4:04
Brent Burns 0 0 0 0 0 2 1 1 0 0 0/0 25:53 2:37 6:46
Brian Lee 0 0 0 -1 0 0 1 1 0 1 0/0 23:14 2:28 0:58
Bryce Lampman 0 0 0 -1 2 2 3 0 0 1 0/0 23:48 0:53 8:19
Dan Boyle 0 0 0 0 0 0 0 1 0 0 0/0 1:23 0:00 0:00
David Perron 0 0 0 0 0 1 4 0 0 0 0/0 13:16 1:48 0:11
Derek Boogaard 0 0 0 0 0 0 0 0 0 0 0/0 11:19 0:00 3:44
Drew Fata 0 0 0 1 0 0 2 2 1 3 0/0 19:30 0:00 9:16
Erik Rasmussen 0 0 0 0 4 1 1 0 0 0 0/1 7:17 0:00 0:00
Ian Laperriere 0 0 0 0 0 0 0 0 0 0 0/0 7:39 0:00 0:00
Kevin Shattenkirk 0 0 0 -1 0 1 0 4 0 0 0/0 23:49 1:58 7:23
Marian Hossa 0 0 0 0 2 2 2 1 0 0 1/2 14:28 1:59 0:00
Nik Antropov 0 0 0 0 0 2 2 0 0 0 10/24 21:48 1:59 8:41
Paul Kariya 0 0 0 0 4 2 2 0 0 0 0/0 14:09 2:05 0:00
Sergei Shirokov 0 0 0 0 0 0 2 1 1 0 0/0 20:06 1:48 6:03
Taylor Pyatt 0 0 0 -1 4 1 1 1 0 0 1/2 15:11 0:11 6:37
Travis Zajac 0 0 0 0 0 1 0 0 0 0 5/15 14:08 1:48 0:09
Players Stats for Coyotes
Player Name G A P +/- PIM S H SB GA TA FO MP PP MP PK MP
------------------------------------------------------------------------------------
Adrian Aucoin 0 0 0 1 0 4 0 1 1 0 0/0 19:26 1:12 2:28
Andy Sutton 0 0 0 -1 0 0 0 1 0 0 0/0 14:08 0:51 1:30
Anton Stralman 0 0 0 -1 0 2 1 1 0 0 0/0 19:30 6:36 1:30
Chad Larose 1 0 1 1 0 1 0 1 0 0 1/1 12:25 1:19 1:34
Chris Stewart 0 0 0 -1 0 3 0 0 0 0 1/2 16:37 6:37 0:00
Denis Grebeshkov 0 1 1 2 0 0 3 1 0 0 0/0 25:38 9:21 0:00
Drew Miller 0 1 1 1 0 0 2 0 0 0 0/0 15:19 1:01 2:01
Erik Christensen 0 0 0 0 0 1 1 0 0 0 2/3 14:50 6:49 0:27
Erik Cole 0 0 0 1 2 1 2 0 0 0 0/1 10:03 0:00 0:41
Frans Nielsen 0 0 0 -1 0 2 2 0 0 0 2/2 18:47 6:40 1:57
Kurt Sauer 0 0 0 0 0 1 0 2 0 1 0/0 14:43 0:00 2:28
Marian Gaborik 2 0 2 1 2 3 2 0 1 0 2/2 21:24 8:35 0:00
Saku Koivu 0 0 0 -1 0 2 5 0 1 0 8/11 16:34 6:39 0:00
Sami Kapanen 0 0 0 0 0 0 2 0 0 0 0/0 7:56 0:21 0:00
Sergei Gonchar 0 0 0 1 0 0 0 1 1 0 0/0 21:21 9:21 0:00
Shawn Thornton 0 0 0 0 0 0 0 0 0 0 0/0 9:08 0:00 1:08
Tim Connolly 0 2 2 1 0 3 1 0 1 1 12/21 20:34 8:35 0:00
Tyler Ennis 0 1 1 1 0 0 0 0 0 0 6/11 17:37 8:58 0:08
3 Stars
1 - Marian Gaborik (Ari)
2 - Denis Grebeshkov (Ari)
3 - Tim Connolly (Ari)
Power Play
Blues - 0 on 2 Attempt(s) - 0,00%
Coyotes - 1 on 9 Attempt(s) - 11,11%
Penalty Kill
Blues - 8 on 9 Attempt(s) - 88,89%
- Score 0 goal in Penalty Kill
Coyotes - 2 on 2 Attempt(s) - 100,00%
- Score 0 goal in Penalty Kill
Team Stat
Blues - Hits : 22 - Faceoff Wins : 20 - Blocked Shots : 12 - Penalty Minutes : 18
Coyotes - Hits : 21 - Faceoff Wins : 34 - Blocked Shots : 8 - Penalty Minutes : 4
Official
Referees : Martell Rob and Kimmerly Greg
Linesman : Brian Mach and Dan Schachte
Game Notes
Dan Boyle is injured at 4:06 of 1st period (Head)
Finance
Level 1 -- Attendance: 6000 (100,00%) -- Ticket Income 540 000 $
Level 2 -- Attendance: 5000 (100,00%) -- Ticket Income 310 000 $
Level 3 -- Attendance: 2000 (100,00%) -- Ticket Income 80 000 $
Level 4 -- Attendance: 4000 (100,00%) -- Ticket Income 100 000 $
Luxury Box -- Attendance: 1000 (100,00%) -- Ticket Income 190 000 $
Game was played at the The Pack Center'
Total Attendance: 18000 (100,00%)
Total Ticket Income: 1 220 000 $
Other Income: 183 000 $
Total Income: 1 403 000 $
Blues
5 vs 5 Forward
Center Left Wing Right Wing Time % Phy DF OF
1 Travis Zajac Paul Kariya Marian Hossa 40 1 2 2
2 Nik Antropov David Perron Sergei Shirokov 30 1 2 2
3 Andrew Cogliano Taylor Pyatt Ales Kotalik 20 1 2 2
4 Erik Rasmussen Derek Boogaard Ian Laperriere 10 1 2 2
5 vs 5 Defense
Defense Defense Time % Phy DF OF
1 Dan Boyle Bryce Lampman 40 1 2 2
2 Brent Burns Brian Lee 30 1 2 2
3 Drew Fata Kevin Shattenkirk 20 1 2 2
4 Dan Boyle Brent Burns 10 1 2 2
PowerPlay Forward
Center Left Wing Right Wing Time % Phy DF OF
1 Nik Antropov Paul Kariya Marian Hossa 60 1 2 2
2 Travis Zajac David Perron Sergei Shirokov 40 1 2 2
PowerPlay Defense
Defense Defense Time % Phy DF OF
1 Dan Boyle Brent Burns 60 1 2 2
2 Brian Lee Kevin Shattenkirk 40 1 2 2
Penalty Kill 4 Players Forward
Center Wing Time % Phy DF OF
1 Nik Antropov Taylor Pyatt 60 1 2 2
2 Ales Kotalik Sergei Shirokov 40 1 2 2
Penalty Kill 4 Players Defense
Defense Defense Time % Phy DF OF
1 Bryce Lampman Drew Fata 60 1 2 2
2 Brent Burns Kevin Shattenkirk 40 1 2 2
Penalty Kill - 3 Players Forward
Forward Time % Phy DF OF
1 Taylor Pyatt 60 1 2 2
2 Ales Kotalik 40 1 2 2
Penalty Kill - 3 Players Defense
Defense Defense Time % Phy DF OF
1 Drew Fata Bryce Lampman 60 1 2 2
2 Brian Lee Dan Boyle 40 1 2 2
4 vs 4 Forward
Center Wing Time % Phy DF OF
1 Travis Zajac Paul Kariya 60 1 2 2
2 Nik Antropov Marian Hossa 40 1 2 2
4 vs 4 Defense
Defense Defense Time % Phy DF OF
1 Dan Boyle Bryce Lampman 60 1 2 2
2 Brent Burns Brian Lee 40 1 2 2
Last Minutes Offensive
Center Left Wing Right Wing Defense Defense
Travis Zajac Paul Kariya Marian Hossa Dan Boyle Brent Burns
Last Minutes Defensive
Center Left Wing Right Wing Defense Defense
Nik Antropov Taylor Pyatt Sergei Shirokov Bryce Lampman Drew Fata
Goaltenders
Starting : Tuukka Rask
Backup : Cory Schneider
Extra Forwards
Normal : Andrew Cogliano, Taylor Pyatt, Sergei Shirokov - PP : Andrew Cogliano, Taylor Pyatt - PK : Sergei Shirokov
Extra Defensemen
Normal : Brian Lee, Kevin Shattenkirk, Bryce Lampman - PP : Brian Lee - PK : Kevin Shattenkirk, Dan Boyle
Penalty Shots
David Perron, Ian Laperriere, Marian Hossa, Travis Zajac, Nik Antropov
Coyotes
5 vs 5 Forward
Center Left Wing Right Wing Time % Phy DF OF
1 Tim Connolly Drew Miller Marian Gaborik 35 1 2 2
2 Saku Koivu Frans Nielsen Chris Stewart 29 1 2 2
3 Tyler Ennis Erik Cole Chad Larose 24 1 3 1
4 Erik Christensen Shawn Thornton Sami Kapanen 12 1 3 1
5 vs 5 Defense
Defense Defense Time % Phy DF OF
1 Denis Grebeshkov Adrian Aucoin 37 1 2 2
2 Kurt Sauer Sergei Gonchar 34 1 2 2
3 Andy Sutton Anton Stralman 28 1 3 1
4 Sergei Gonchar Denis Grebeshkov 1 1 1 3
PowerPlay Forward
Center Left Wing Right Wing Time % Phy DF OF
1 Tim Connolly Tyler Ennis Marian Gaborik 57 0 0 5
2 Saku Koivu Frans Nielsen Chris Stewart 43 0 0 5
PowerPlay Defense
Defense Defense Time % Phy DF OF
1 Denis Grebeshkov Sergei Gonchar 57 0 0 5
2 Anton Stralman Erik Christensen 43 0 0 5
Penalty Kill 4 Players Forward
Center Wing Time % Phy DF OF
1 Frans Nielsen Drew Miller 54 0 5 0
2 Chad Larose Erik Cole 46 0 5 0
Penalty Kill 4 Players Defense
Defense Defense Time % Phy DF OF
1 Adrian Aucoin Kurt Sauer 54 0 5 0
2 Anton Stralman Andy Sutton 46 0 5 0
Penalty Kill - 3 Players Forward
Forward Time % Phy DF OF
1 Drew Miller 52 0 5 0
2 Chad Larose 48 0 5 0
Penalty Kill - 3 Players Defense
Defense Defense Time % Phy DF OF
1 Kurt Sauer Adrian Aucoin 52 0 5 0
2 Anton Stralman Andy Sutton 48 0 5 0
4 vs 4 Forward
Center Wing Time % Phy DF OF
1 Tim Connolly Marian Gaborik 52 1 2 2
2 Frans Nielsen Saku Koivu 48 1 3 1
4 vs 4 Defense
Defense Defense Time % Phy DF OF
1 Adrian Aucoin Anton Stralman 52 1 3 1
2 Denis Grebeshkov Kurt Sauer 48 1 3 1
Last Minutes Offensive
Center Left Wing Right Wing Defense Defense
Tim Connolly Tyler Ennis Marian Gaborik Denis Grebeshkov Adrian Aucoin
Last Minutes Defensive
Center Left Wing Right Wing Defense Defense
Frans Nielsen Drew Miller Chad Larose Denis Grebeshkov Kurt Sauer
Goaltenders
Starting : Ryan Miller
Backup : Marc Denis
Extra Forwards
Normal : Marian Gaborik, Tyler Ennis, Chris Stewart - PP : Marian Gaborik, Chris Stewart - PK : Drew Miller
Extra Defensemen
Normal : Denis Grebeshkov, Adrian Aucoin, Anton Stralman - PP : Denis Grebeshkov - PK : Kurt Sauer, Adrian Aucoin
Penalty Shots
Marian Gaborik, Tyler Ennis, Drew Miller, Saku Koivu, Tim Connolly
% Time on Ice - Blues
Lines # - Real PCT - Wanted PCT - Time Play
Normal Forward
1 - 31% - 40% - 12:14
2 - 31% - 30% - 12:15
3 - 19% - 20% - 7:40
4 - 19% - 10% - 7:18
Normal Defense
1 - 46% - 40% - 18:12
2 - 27% - 30% - 10:30
3 - 15% - 20% - 6:00
4 - 12% - 10% - 4:45
PP Forward
1 - 55% - 60% - 2:10
2 - 45% - 40% - 1:48
PP Defense
1 - 87% - 60% - 3:26
2 - 13% - 40% - 0:32
PK Forward
1 - 72% - 60% - 11:53
2 - 28% - 40% - 4:42
PK Defense
1 - 59% - 60% - 9:51
2 - 41% - 40% - 6:44
PK3 Forward
1 - 0% - 60%
2 - 0% - 40%
PK3 Defense
1 - 0% - 60%
2 - 0% - 40%
44 Forward
1 - 0% - 60%
2 - 0% - 40%
44 Defense
1 - 0% - 60%
2 - 0% - 40%
Last Minute Offensive - 0:00
Last Minute Defensive - 0:00
Total
Forward - 60:00
Defense - 60:00
|
% Time on Ice - Coyotes
Lines # - Real PCT - Wanted PCT - Time Play
Normal Forward
1 - 32% - 35% - 12:35
2 - 25% - 29% - 10:01
3 - 24% - 24% - 9:22
4 - 19% - 12% - 7:29
Normal Defense
1 - 38% - 37% - 14:50
2 - 33% - 34% - 12:56
3 - 27% - 28% - 10:47
4 - 2% - 1% - 0:54
PP Forward
1 - 60% - 57% - 9:58
2 - 40% - 43% - 6:37
PP Defense
1 - 60% - 57% - 9:59
2 - 40% - 43% - 6:36
PK Forward
1 - 58% - 54% - 2:19
2 - 42% - 46% - 1:39
PK Defense
1 - 62% - 54% - 2:28
2 - 38% - 46% - 1:30
PK3 Forward
1 - 0% - 52%
2 - 0% - 48%
PK3 Defense
1 - 0% - 52%
2 - 0% - 48%
44 Forward
1 - 0% - 52%
2 - 0% - 48%
44 Defense
1 - 0% - 52%
2 - 0% - 48%
Last Minute Offensive - 0:00
Last Minute Defensive - 0:00
Total
Forward - 60:00
Defense - 60:00
|
Play by Play
1st period
0:01 of 1st period - Travis Zajac wins face-off versus Tim Connolly in neutral zone.
0:14 of 1st period - Slapshot by Marian Hossa.
0:14 of 1st period - Stopped by Ryan Miller with a rebound.
0:16 of 1st period - Backhand shot by Bryce Lampman.
0:16 of 1st period - Deflect By Marian Gaborik.
0:16 of 1st period - Stopped by Ryan Miller without a rebound.
0:17 of 1st period - Nik Antropov wins face-off versus Chris Stewart in Coyotes zone.
0:29 of 1st period - Icing by Kurt Sauer.
0:30 of 1st period - Andrew Cogliano wins face-off versus Saku Koivu in Coyotes zone.
1:33 of 1st period - Snap shot by Chris Stewart.
1:33 of 1st period - Shot Misses the Net.
1:35 of 1st period - Snap shot by Frans Nielsen.
1:35 of 1st period - Stopped by Tuukka Rask without a rebound.
1:36 of 1st period - Tyler Ennis wins face-off versus Travis Zajac in Blues zone.
2:34 of 1st period - Slapshot by Anton Stralman.
2:34 of 1st period - Deflect By Brian Lee.
2:34 of 1st period - Stopped by Tuukka Rask with a rebound.
2:36 of 1st period - Wrist shot by Erik Christensen.
2:36 of 1st period - Deflect By Sami Kapanen.
2:36 of 1st period - Shot Blocked by Brian Lee.
2:36 of 1st period - Puck is out of play.
2:37 of 1st period - Nik Antropov wins face-off versus Erik Christensen in Blues zone.
2:44 of 1st period - Snap shot by David Perron.
2:44 of 1st period - Stopped by Ryan Miller with a rebound.
3:14 of 1st period - Slapshot by Adrian Aucoin.
3:14 of 1st period - Stopped by Tuukka Rask with a rebound.
3:16 of 1st period - Slapshot by Adrian Aucoin.
3:16 of 1st period - Stopped by Tuukka Rask with a rebound.
3:46 of 1st period - Snap shot by Erik Christensen.
3:46 of 1st period - Stopped by Tuukka Rask with a rebound.
3:50 of 1st period - Slapshot by Erik Christensen.
3:50 of 1st period - Shot Misses the Net.
3:52 of 1st period - Snap shot by Denis Grebeshkov.
3:52 of 1st period - Deflect By Erik Christensen.
3:52 of 1st period - Shot Blocked by Taylor Pyatt.
3:52 of 1st period - Puck is out of play.
3:53 of 1st period - Tim Connolly wins face-off versus Travis Zajac in Blues zone.
3:54 of 1st period - Wrist shot by Marian Gaborik.
3:54 of 1st period - Shot Misses the Net.
3:56 of 1st period - Snap shot by Marian Gaborik.
3:56 of 1st period - Stopped by Tuukka Rask with a rebound.
4:06 of 1st period - Snap shot by Marian Gaborik.
4:06 of 1st period - Shot Blocked by Dan Boyle.
4:06 of 1st period - Dan Boyle from Blues is injured at 4:06 of 1st period (Head).
4:07 of 1st period - Travis Zajac wins face-off versus Erik Cole in Blues zone.
4:19 of 1st period - Chad Larose is hit by Brent Burns and loses puck.
4:32 of 1st period - Sergei Shirokov is hit by Saku Koivu and loses puck.
4:39 of 1st period - Sergei Shirokov is hit by Saku Koivu and loses puck.
4:48 of 1st period - Sergei Gonchar is hit by Nik Antropov and loses puck.
5:18 of 1st period - Icing by Ales Kotalik.
5:19 of 1st period - Tyler Ennis wins face-off versus Travis Zajac in Blues zone.
5:20 of 1st period - Wrist shot by Erik Cole.
5:20 of 1st period - Stopped by Tuukka Rask with a rebound.
5:44 of 1st period - Icing by Chad Larose.
5:45 of 1st period - Tim Connolly wins face-off versus Nik Antropov in Coyotes zone.
6:56 of 1st period - Bryce Lampman is hit by Sami Kapanen and loses puck.
7:45 of 1st period - Snap shot by Travis Zajac.
7:45 of 1st period - Shot Misses the Net.
7:55 of 1st period - Slapshot by Chris Stewart.
7:55 of 1st period - Deflect By Taylor Pyatt.
7:55 of 1st period - Stopped by Tuukka Rask with a rebound.
8:05 of 1st period - Chad Larose is hit by Brian Lee and loses puck.
8:57 of 1st period - Off-side.
8:58 of 1st period - Saku Koivu wins face-off versus Travis Zajac in neutral zone.
9:07 of 1st period - Saku Koivu is hit by Paul Kariya and loses puck.
9:15 of 1st period - Off-side.
9:16 of 1st period - Tim Connolly wins face-off versus Nik Antropov in neutral zone.
9:32 of 1st period - Slapshot by Nik Antropov.
9:32 of 1st period - Stopped by Ryan Miller with a rebound.
9:49 of 1st period - Slapshot by Marian Hossa.
9:49 of 1st period - Shot Blocked by Chad Larose.
10:04 of 1st period - Minor Penalty to Taylor Pyatt for Cross-checking.
10:05 of 1st period - Nik Antropov wins face-off versus Tyler Ennis in Blues zone.
10:21 of 1st period - Snap shot by Tim Connolly.
10:21 of 1st period - Stopped by Tuukka Rask with a rebound.
10:33 of 1st period - Snap shot by Saku Koivu.
10:33 of 1st period - Shot Blocked by Drew Fata.
10:35 of 1st period - Snap shot by Chris Stewart.
10:35 of 1st period - Stopped by Tuukka Rask with a rebound.
10:37 of 1st period - Wrist shot by Frans Nielsen.
10:37 of 1st period - Stopped by Tuukka Rask with a rebound.
10:39 of 1st period - Wrist shot by Chris Stewart.
10:39 of 1st period - Stopped by Tuukka Rask without a rebound.
10:40 of 1st period - Nik Antropov wins face-off versus Tyler Ennis in Blues zone.
11:24 of 1st period - Bryce Lampman is hit by Saku Koivu and loses puck.
11:37 of 1st period - Wrist shot by Saku Koivu.
11:37 of 1st period - Stopped by Tuukka Rask without a rebound.
11:38 of 1st period - Tim Connolly wins face-off versus Nik Antropov in Blues zone.
12:04 of 1st period - Penalty to Taylor Pyatt is over, Taylor Pyatt is back on ice.
12:05 of 1st period - Anton Stralman is hit by Bryce Lampman and loses puck.
12:18 of 1st period - Bryce Lampman is hit by Drew Miller and loses puck.
12:40 of 1st period - Off-side.
12:41 of 1st period - Erik Christensen wins face-off versus Travis Zajac in neutral zone.
13:19 of 1st period - Double Minor Penalty to Erik Rasmussen for Slashing.
13:20 of 1st period - Tim Connolly wins face-off versus Taylor Pyatt in Blues zone.
16:12 of 1st period - Drew Miller is hit by Drew Fata and loses puck.
16:17 of 1st period - Slapshot by Brent Burns.
16:17 of 1st period - Shot Misses the Net.
17:19 of 1st period - Penalty to Erik Rasmussen is over, Erik Rasmussen is back on ice.
17:33 of 1st period - Denis Grebeshkov is hit by Marian Hossa and loses puck.
18:54 of 1st period - Drew Fata is hit by Denis Grebeshkov and loses puck.
19:29 of 1st period - Sergei Shirokov is hit by Drew Miller.
19:39 of 1st period - Snap shot by Paul Kariya.
19:39 of 1st period - Shot Misses the Net.
19:46 of 1st period - Icing by Tyler Ennis.
19:47 of 1st period - Marian Gaborik wins face-off versus Andrew Cogliano in Coyotes zone.
Goals for this period are 0 for Blues vs 0 for Coyotes.
Shots for this period are 4 for Blues vs 13 for Coyotes.
2nd period
0:01 of 2nd period - Travis Zajac wins face-off versus Tim Connolly in neutral zone.
0:33 of 2nd period - Wrist shot by Saku Koivu.
0:33 of 2nd period - Shot Misses the Net.
0:51 of 2nd period - Snap shot by Denis Grebeshkov.
0:51 of 2nd period - Shot Blocked by Kevin Shattenkirk.
1:00 of 2nd period - Minor Penalty to Taylor Pyatt for Hooking.
1:01 of 2nd period - Tim Connolly wins face-off versus Nik Antropov in Blues zone.
1:34 of 2nd period - Icing by Chris Stewart.
1:35 of 2nd period - Saku Koivu wins face-off versus Ales Kotalik in Coyotes zone.
3:00 of 2nd period - Penalty to Taylor Pyatt is over, Taylor Pyatt is back on ice.
3:12 of 2nd period - Snap shot by Paul Kariya.
3:12 of 2nd period - Stopped by Ryan Miller without a rebound.
3:13 of 2nd period - Erik Christensen wins face-off versus Travis Zajac in Coyotes zone.
3:20 of 2nd period - Marian Hossa is hit by Erik Christensen and loses puck.
3:28 of 2nd period - Snap shot by Brent Burns.
3:28 of 2nd period - Shot Blocked by Anton Stralman.
3:55 of 2nd period - Tim Connolly is hit by Bryce Lampman and loses puck.
4:20 of 2nd period - Wrist shot by Travis Zajac.
4:20 of 2nd period - Shot Blocked by Adrian Aucoin.
4:33 of 2nd period - Icing by Adrian Aucoin.
4:34 of 2nd period - Tim Connolly wins face-off versus Erik Rasmussen in Coyotes zone.
5:25 of 2nd period - Off-side.
5:26 of 2nd period - Nik Antropov wins face-off versus Tim Connolly in neutral zone.
5:40 of 2nd period - Minor Penalty to Marian Gaborik for Interference.
5:41 of 2nd period - Frans Nielsen wins face-off versus Nik Antropov in Coyotes zone.
5:55 of 2nd period - Slapshot by Paul Kariya.
5:55 of 2nd period - Shot Misses the Net.
5:57 of 2nd period - Snap shot by Brian Lee.
5:57 of 2nd period - Shot Misses the Net.
7:40 of 2nd period - Penalty to Marian Gaborik is over, Marian Gaborik is back on ice.
7:40 of 2nd period - Bryce Lampman is hit by Marian Gaborik and loses puck.
8:38 of 2nd period - Snap shot by Chad Larose.
8:38 of 2nd period - Goal by Chad Larose - Blues : 0 - Coyotes : 1.
8:39 of 2nd period - Tim Connolly wins face-off versus Marian Hossa in neutral zone.
8:53 of 2nd period - Off-side.
8:54 of 2nd period - Nik Antropov wins face-off versus Saku Koivu in neutral zone.
9:30 of 2nd period - Slapshot by Marian Gaborik.
9:30 of 2nd period - Goal by Marian Gaborik - Blues : 0 - Coyotes : 2.
9:31 of 2nd period - Travis Zajac wins face-off versus Tim Connolly in neutral zone.
9:33 of 2nd period - Minor Penalty to Paul Kariya for Hooking.
9:34 of 2nd period - Tim Connolly wins face-off versus Nik Antropov in Blues zone.
9:42 of 2nd period - Wrist shot by Tim Connolly.
9:42 of 2nd period - Stopped by Tuukka Rask without a rebound.
9:43 of 2nd period - Nik Antropov wins face-off versus Tim Connolly in Blues zone.
10:46 of 2nd period - Snap shot by Marian Gaborik.
10:46 of 2nd period - Shot Misses the Net.
10:54 of 2nd period - Snap shot by Marian Gaborik.
10:54 of 2nd period - Goal by Marian Gaborik - Blues : 0 - Coyotes : 3.
10:55 of 2nd period - Saku Koivu wins face-off versus Travis Zajac in neutral zone.
11:04 of 2nd period - Snap shot by Travis Zajac.
11:04 of 2nd period - Stopped by Ryan Miller with a rebound.
11:12 of 2nd period - Travis Zajac is hit by Frans Nielsen and loses puck.
11:46 of 2nd period - Off-side.
11:47 of 2nd period - Tyler Ennis wins face-off versus Andrew Cogliano in neutral zone.
12:22 of 2nd period - Drew Fata is hit by Denis Grebeshkov.
12:40 of 2nd period - Slapshot by Saku Koivu.
12:40 of 2nd period - Stopped by Tuukka Rask without a rebound.
12:41 of 2nd period - Saku Koivu wins face-off versus Nik Antropov in Blues zone.
13:26 of 2nd period - Minor Penalty to Marian Hossa for Holding.
13:27 of 2nd period - Tim Connolly wins face-off versus Nik Antropov in Blues zone.
13:54 of 2nd period - Taylor Pyatt is hit by Saku Koivu and loses puck.
14:13 of 2nd period - Brent Burns is hit by Frans Nielsen and loses puck.
15:26 of 2nd period - Penalty to Marian Hossa is over, Marian Hossa is back on ice.
15:39 of 2nd period - Wrist shot by Adrian Aucoin.
15:39 of 2nd period - Stopped by Tuukka Rask with a rebound.
15:41 of 2nd period - Snap shot by Erik Cole.
15:41 of 2nd period - Shot Misses the Net.
15:43 of 2nd period - Snap shot by Chad Larose.
15:43 of 2nd period - Shot Blocked by Marian Hossa.
15:45 of 2nd period - Snap shot by Adrian Aucoin.
15:45 of 2nd period - Deflect By Brent Burns.
15:45 of 2nd period - Stopped by Tuukka Rask with a rebound.
15:47 of 2nd period - Slapshot by Kurt Sauer.
15:47 of 2nd period - Shot Blocked by Brent Burns.
16:27 of 2nd period - Slapshot by Kevin Shattenkirk.
16:27 of 2nd period - Stopped by Ryan Miller with a rebound.
18:18 of 2nd period - Drew Fata is hit by Saku Koivu and loses puck.
18:42 of 2nd period - Bryce Lampman is hit by Sami Kapanen and loses puck.
18:55 of 2nd period - Kurt Sauer is hit by Andrew Cogliano and loses puck.
19:48 of 2nd period - Chris Stewart is hit by Drew Fata and loses puck.
Goals for this period are 0 for Blues vs 3 for Coyotes.
Shots for this period are 3 for Blues vs 7 for Coyotes.
3rd period
0:01 of 3rd period - Tim Connolly wins face-off versus Travis Zajac in neutral zone.
0:26 of 3rd period - Frans Nielsen is hit by David Perron and loses puck.
1:11 of 3rd period - Slapshot by Brent Burns.
1:11 of 3rd period - Stopped by Ryan Miller with a rebound.
1:21 of 3rd period - Slapshot by Derek Boogaard.
1:21 of 3rd period - Shot Misses the Net.
1:37 of 3rd period - Slapshot by Erik Rasmussen.
1:37 of 3rd period - Stopped by Ryan Miller with a rebound.
2:03 of 3rd period - Off-side.
2:04 of 3rd period - Marian Gaborik wins face-off versus Nik Antropov in neutral zone.
2:13 of 3rd period - Tim Connolly is hit by David Perron and loses puck.
2:32 of 3rd period - Slapshot by Marian Hossa.
2:32 of 3rd period - Stopped by Ryan Miller with a rebound.
2:40 of 3rd period - Chris Stewart is hit by Paul Kariya and loses puck.
3:06 of 3rd period - Brian Lee is hit by Erik Cole and loses puck.
3:44 of 3rd period - Icing by Tyler Ennis.
3:45 of 3rd period - Tyler Ennis wins face-off versus Nik Antropov in Coyotes zone.
3:53 of 3rd period - Icing by Brent Burns.
3:54 of 3rd period - Nik Antropov wins face-off versus Tim Connolly in Blues zone.
3:54 of 3rd period - Nik Antropov is hit by Marian Gaborik.
4:02 of 3rd period - Snap shot by Tim Connolly.
4:02 of 3rd period - Shot Misses the Net.
4:04 of 3rd period - Backhand shot by Denis Grebeshkov.
4:04 of 3rd period - Shot Misses the Net.
4:06 of 3rd period - Snap shot by Marian Gaborik.
4:06 of 3rd period - Shot Blocked by Sergei Shirokov.
4:57 of 3rd period - Denis Grebeshkov is hit by Sergei Shirokov and loses puck.
5:34 of 3rd period - Slapshot by Tim Connolly.
5:34 of 3rd period - Shot Misses the Net.
5:36 of 3rd period - Slapshot by Anton Stralman.
5:36 of 3rd period - Stopped by Tuukka Rask with a rebound.
5:38 of 3rd period - Snap shot by Tim Connolly.
5:38 of 3rd period - Stopped by Tuukka Rask without a rebound.
5:39 of 3rd period - Saku Koivu wins face-off versus Travis Zajac in Blues zone.
5:44 of 3rd period - Wrist shot by Frans Nielsen.
5:44 of 3rd period - Shot Blocked by Kevin Shattenkirk.
5:46 of 3rd period - Slapshot by Kurt Sauer.
5:46 of 3rd period - Deflect By Paul Kariya.
5:46 of 3rd period - Stopped by Tuukka Rask without a rebound.
5:47 of 3rd period - Travis Zajac wins face-off versus Saku Koivu in Blues zone.
5:49 of 3rd period - Minor Penalty to Paul Kariya for Hooking.
5:50 of 3rd period - Saku Koivu wins face-off versus Andrew Cogliano in Blues zone.
7:49 of 3rd period - Penalty to Paul Kariya is over, Paul Kariya is back on ice.
7:58 of 3rd period - Slapshot by Travis Zajac.
7:58 of 3rd period - Shot Misses the Net.
8:09 of 3rd period - Shawn Thornton is hit by Marian Hossa and loses puck.
8:38 of 3rd period - Wrist shot by Taylor Pyatt.
8:38 of 3rd period - Shot Blocked by Kurt Sauer.
9:05 of 3rd period - Travis Zajac is hit by Erik Cole and loses puck.
9:20 of 3rd period - Erik Cole is hit by Taylor Pyatt.
9:30 of 3rd period - Drew Fata is hit by Anton Stralman and loses puck.
9:50 of 3rd period - Marian Gaborik is hit by Sergei Shirokov and loses puck.
10:16 of 3rd period - Minor Penalty to Ales Kotalik for Charging.
10:17 of 3rd period - Taylor Pyatt wins face-off versus Tim Connolly in Blues zone.
10:28 of 3rd period - Wrist shot by Tim Connolly.
10:28 of 3rd period - Shot Misses the Net.
10:30 of 3rd period - Slapshot by Erik Christensen.
10:30 of 3rd period - Shot Blocked by Kevin Shattenkirk.
10:32 of 3rd period - Snap shot by Marian Gaborik.
10:32 of 3rd period - Deflect By Tim Connolly.
10:32 of 3rd period - Shot Blocked by Kevin Shattenkirk.
10:32 of 3rd period - Puck is out of play.
10:33 of 3rd period - Saku Koivu wins face-off versus Nik Antropov in Blues zone.
12:16 of 3rd period - Penalty to Ales Kotalik is over, Ales Kotalik is back on ice.
12:50 of 3rd period - Chris Stewart is hit by Erik Rasmussen and loses puck.
13:01 of 3rd period - Travis Zajac is hit by Tim Connolly and loses puck.
13:12 of 3rd period - Erik Christensen is hit by Nik Antropov and loses puck.
14:11 of 3rd period - Andy Sutton is hit by David Perron and loses puck.
14:22 of 3rd period - Wrist shot by Andrew Cogliano.
14:22 of 3rd period - Goal by Andrew Cogliano - Blues : 1 - Coyotes : 3.
14:23 of 3rd period - Saku Koivu wins face-off versus Travis Zajac in neutral zone.
14:36 of 3rd period - Slapshot by Drew Fata.
14:36 of 3rd period - Deflect By Paul Kariya.
14:36 of 3rd period - Stopped by Ryan Miller without a rebound.
14:37 of 3rd period - Marian Hossa wins face-off versus Tim Connolly in Coyotes zone.
15:02 of 3rd period - Sergei Shirokov is hit by Denis Grebeshkov and loses puck.
15:11 of 3rd period - Slapshot by Nik Antropov.
15:11 of 3rd period - Stopped by Ryan Miller without a rebound.
15:12 of 3rd period - Andrew Cogliano wins face-off versus Tyler Ennis in Coyotes zone.
15:17 of 3rd period - Snap shot by Andrew Cogliano.
15:17 of 3rd period - Shot Misses the Net.
15:19 of 3rd period - Slapshot by Bryce Lampman.
15:19 of 3rd period - Deflect By Taylor Pyatt.
15:19 of 3rd period - Shot Blocked by Kurt Sauer.
15:19 of 3rd period - Puck is out of play.
15:20 of 3rd period - Tyler Ennis wins face-off versus Andrew Cogliano in Coyotes zone.
15:31 of 3rd period - Wrist shot by Taylor Pyatt.
15:31 of 3rd period - Stopped by Ryan Miller without a rebound.
15:32 of 3rd period - Ales Kotalik wins face-off versus Tyler Ennis in Coyotes zone.
15:33 of 3rd period - Slapshot by Andrew Cogliano.
15:33 of 3rd period - Stopped by Ryan Miller without a rebound.
15:34 of 3rd period - Tyler Ennis wins face-off versus Ales Kotalik in Coyotes zone.
15:36 of 3rd period - Minor Penalty to Erik Cole for Tripping.
15:37 of 3rd period - Frans Nielsen wins face-off versus Nik Antropov in Coyotes zone.
15:47 of 3rd period - Slapshot by Brent Burns.
15:47 of 3rd period - Stopped by Ryan Miller with a rebound.
16:03 of 3rd period - Drew Miller is hit by David Perron and loses puck.
17:36 of 3rd period - Penalty to Erik Cole is over, Erik Cole is back on ice.
18:13 of 3rd period - Icing by Tim Connolly.
18:14 of 3rd period - Chris Stewart wins face-off versus Nik Antropov in Coyotes zone.
18:27 of 3rd period - Snap shot by Andrew Cogliano.
18:27 of 3rd period - Stopped by Ryan Miller with a rebound.
18:29 of 3rd period - Slapshot by Drew Fata.
18:29 of 3rd period - Shot Blocked by Andy Sutton.
18:31 of 3rd period - Slapshot by Bryce Lampman.
18:31 of 3rd period - Stopped by Ryan Miller without a rebound.
18:32 of 3rd period - Chad Larose wins face-off versus Andrew Cogliano in Coyotes zone.
18:32 of 3rd period - Chad Larose is hit by Bryce Lampman.
18:39 of 3rd period - Minor Penalty to Bryce Lampman for Holding.
18:40 of 3rd period - Nik Antropov wins face-off versus Tim Connolly in Blues zone.
18:51 of 3rd period - Snap shot by Nik Antropov.
18:51 of 3rd period - Shot Blocked by Sergei Gonchar.
18:54 of 3rd period - Icing by Tyler Ennis.
18:55 of 3rd period - Nik Antropov wins face-off versus Tyler Ennis in Coyotes zone.
18:56 of 3rd period - Snap shot by Taylor Pyatt.
18:56 of 3rd period - Deflect By Tim Connolly.
18:56 of 3rd period - Shot Blocked by Denis Grebeshkov.
18:56 of 3rd period - Puck is out of play.
18:57 of 3rd period - Tim Connolly wins face-off versus Nik Antropov in Coyotes zone.
19:32 of 3rd period - Slapshot by Denis Grebeshkov.
19:32 of 3rd period - Shot Blocked by Drew Fata.
Goals for this period are 1 for Blues vs 0 for Coyotes.
Shots for this period are 11 for Blues vs 3 for Coyotes.
Output by the SimonT Hockey Simulator (STHS) for François Prévost -- Original Page W3C XHTML 1.0 Valid